 Dungeon Sprint DCSS version 0.27.1-33-g824d729ab1 (webtiles) character file.

Game seed: 3234762153089240324

736 Hipnos the Imperceptible (level 7, -8/36 HPs)
             Began as a Spriggan Brigand on Nov 26, 2021.
             Was an Initiate of Trog.
             Mangled by a red devil (11 damage)
             ... summoned by a kobold demonologist
             ... in the Dungeon (Sprint I: "Red Sonja").
             The game lasted 00:02:18 (206 turns).

Hipnos the Imperceptible (Spriggan Brigand)          Turns: 206, Time: 00:02:20

Health: -8/36      AC:  5    Str:  4 (7)  XL:     7   Next: 46%
Magic:  8/8        EV: 17    Int: 11 (12) God:    Trog [......]
Gold:   438        SH:  0    Dex: 18 (19) Spells: 6/6 levels left

rFire    . . .     SeeInvis +   m - +2 dagger (vamp)
rCold    . . .     Faith    .   (shield restricted)
rNeg     . . .     Spirit   .   n - +2 robe
rPois    .         Reflect  .   (helmet restricted)
rElec    .         Harm     .   c - +0 cloak
rCorr    .         Rampage  .   (gloves unavailable)
Will     +....     NoTele   +   (boots unavailable)
Stlth    ++++++++..             (no amulet)
HPRegen  0.12/turn              (no ring)
MPRegen  0.11/turn              (no ring)

@: very quick
A: very small, no large weapons, unfitting armour, see invisible, speed 3
a: Renounce Religion


You were in the Dungeon.
You worshipped Trog.
Trog was noncommittal.
You visited 1 branch You collected 438 gold pieces.

Inventory:

Hand Weapons
 a - a +2 dagger
 m - a +2 vampiric dagger (weapon)
Missiles
 d - 6 poisoned darts (quivered)
Armour
 b - a +0 robe
 c - a +0 cloak (worn)
 n - a +2 robe (worn)
Wands
 j - a wand of flame (12)
Scrolls
 k - a scroll of blinking
 o - a scroll of identify {unknown}
Potions
 f - a potion of curing
 h - a potion of haste
 i - 2 potions of magic


   Skills:
 + Level 3.4 Fighting
 + Level 4.7 Short Blades
 + Level 4.2 Throwing
 + Level 2.5 Dodging
 * Level 21.0 Stealth


You had 6 spell levels left.
You didn't know any spells.
Your spell library was empty.

Dungeon Overview and Level Annotations

Branches:
Dungeon (1/1)

Altars:
Cheibriados
Dithmenos
Elyvilon
Fedhas
Gozag
Hepliaklqana
Kikubaaqudgha
Makhleb
Nemelex Xobeh
Okawaru
Qazlal
Ru
Sif Muna
Trog
Uskayaw
Vehumet
Wu Jian
Xom
Yredelemnul
Zin
The Shining One
Jiyva
Lugonu

Shops:
D *


Innate Abilities, Weirdness & Mutations

You are very small and have problems with some larger weapons.
You are too small for most types of armour.
You have supernaturally acute eyesight. (SInv)
You cover ground extremely quickly. (Speed+++)


Message History

The kobold demonologist gestures wildly while chanting.
The floating eye's stare focuses on you.
The kobold demonologist hits you with a +0 dagger.
* * * LOW HITPOINT WARNING * * *
The crimson imp hits you but does no damage.
The iron imp hits you.
* * * LOW HITPOINT WARNING * * *
You can move again.
You feel much better. The kobold demonologist misses you.
The crimson imp shouts, "Go and return not, thou puking weevil-witted buzzard-bait!"
The crimson imp barely misses you.
The kobold demonologist casts a spell.
The ice devil completely misses you.
You hit the floating eye.
You feel better.
You kill the floating eye!
Trog accepts your kill.
The kobold demonologist completely misses you.
The iron imp grins evilly.
The iron imp completely misses you.
Your Stealth skill increases to level 21!
You barely miss the kobold demonologist.
The kobold demonologist is moderately wounded.
The crimson imp puffs mist at you. The crimson imp hits you.
The red devil hits you from afar with a +0 vampiric demon trident!
* * * LOW HITPOINT WARNING * * *
The ice devil completely misses you.
The kobold demonologist barely misses you.
The ufetubus completely misses you. The ufetubus closely misses you.
The iron imp barely misses you.
The kobold demonologist hits you with a +0 dagger.
* * * LOW HITPOINT WARNING * * *
Unknown command.
It was a potion of degeneration.
There was something very wrong with that liquid.
You feel weakened.
You feel dopey.
You feel clumsy. The ufetubus completely misses you. The ufetubus misses you.
The crimson imp closely misses you.
The red devil hits you from afar with a +0 vampiric demon trident!
You die...

####################
'..#.)'..#__#..45K4#
#.)'..#..'^.'..#@5.#
##'#####'#__####K5.+
#..#...#.#### #####
####..##.#
___##'#_.+
∩..†'..._#
.__##_.#'#
___###+#.# #### ###


You could see an ice devil (summoned), 2 kobold demonologists, a red devil
(summoned), an iron imp (summoned), a crimson imp (summoned) and an ufetubus
(summoned).

Vanquished Creatures
  A slime creature (D)
  Sigmund (D)
  A yak (D)
  A floating eye (D)
  An ogre (D)
  A jelly (D)
  Ijyb (D)
7 creatures vanquished.

Notes
Turn   | Place    | Note
-------+----------+-------------------------------------------
     0 | D        | Hipnos the Spriggan Brigand began the quest for the Orb.
     0 | D        | Reached XP level 1. HP: 10/10 MP: 2/2
     1 | D        | Noticed Ijyb
    12 | D        | Killed Ijyb
    13 | D        | Reached skill level 10 in Stealth
    13 | D        | Reached XP level 2. HP: 15/15 MP: 3/3
    76 | D        | Noticed an ogre
    78 | D        | Killed an ogre
    79 | D        | Reached skill level 13 in Stealth
    79 | D        | Reached XP level 3. HP: 19/19 MP: 4/4
    79 | D        | Reached XP level 4. HP: 23/23 MP: 5/5
    88 | D        | Noticed Sigmund
    91 | D        | Killed Sigmund
    92 | D        | Reached skill level 17 in Stealth
    92 | D        | Reached XP level 5. HP: 28/28 MP: 6/6
    92 | D        | Reached XP level 6. HP: 32/32 MP: 7/7
   114 | D        | Found an ornate altar of the Wu Jian Council.
   114 | D        | Found a shimmering blue altar of Sif Muna.
   116 | D        | Found a radiant altar of Vehumet.
   123 | D        | Found Qiaph's Assorted Antiques.
   123 | D        | Found an ancient bone altar of Kikubaaqudgha.
   123 | D        | Found a hazy altar of Hepliaklqana.
   123 | D        | Found a stormy altar of Qazlal.
   123 | D        | Found a hide-covered altar of Uskayaw.
   123 | D        | Found a blossoming altar of Fedhas.
   123 | D        | Found a bloodstained altar of Trog.
   123 | D        | Found an iron altar of Okawaru.
   123 | D        | Found a basalt altar of Yredelemnul.
   123 | D        | Found a glowing golden altar of the Shining One.
   123 | D        | Found a snail-covered altar of Cheibriados.
   123 | D        | Found a sacrificial altar of Ru.
   123 | D        | Found a glowing silver altar of Zin.
   123 | D        | Found a shadowy altar of Dithmenos.
   123 | D        | Found a white marble altar of Elyvilon.
   123 | D        | Noticed a yak
   124 | D        | Found an opulent altar of Gozag.
   125 | D        | Killed a yak
   126 | D        | Reached skill level 19 in Stealth
   126 | D        | Found a sparkling altar of Nemelex Xobeh.
   130 | D        | Became a worshipper of Trog the Wrathful
   173 | D        | Found a burning altar of Makhleb.
   173 | D        | Found a viscous altar of Jiyva.
   173 | D        | Found a shimmering altar of Xom.
   173 | D        | Found a corrupted altar of Lugonu.
   173 | D        | Noticed a slime creature
   176 | D        | Killed a slime creature
   177 | D        | Reached skill level 20 in Stealth
   177 | D        | Reached XP level 7. HP: 36/36 MP: 8/8
   188 | D        | Noticed a kobold demonologist
   189 | D        | Noticed a kobold demonologist
   198 | D        | Paralysed by a floating eye for 4 turns
   203 | D        | Noticed an ice devil
   204 | D        | Noticed a red devil
   205 | D        | Reached skill level 21 in Stealth
   206 | D        | Mangled by a red devil

Illustrated notes

Levels and vault maps discovered:
D:        dungeon_sprint_1 [red_sonja_temple_1, red_sonja_temple_small_1]

Skill      XL: |  1  2  3  4  5  6  7 |
---------------+----------------------+-----
Stealth        | 10 13 17 20 21 | 21.0
Fighting       | 2 3 |  3.4
Short Blades   | 3 4 |  4.7
Throwing       | 3 4 |  4.2
Dodging        | 2 |  2.5

Action                   |  1- 3 |  4- 6 |  7- 9 || total
-------------------------+-------+-------+-------++-------
Melee: Dagger            |    10 |     4 |     5 ||    19
Throw: Dart              |       |       |     4 ||     4
  Use: Potion            |     1 |       |     2 ||     3
 Stab: Sleeping          |     1 |     4 |       ||     5
Armor: Robe              |     1 |       |     5 ||     6
Dodge: Dodged            |     4 |       |    23 ||    27
